Map: Moonlight Madness LE (Void)

Players

iRoNaRRoW

  • Race: Protoss Protoss
  • League: Platinum

Enex - Winner!

  • Race: Terran Terran
  • League: Platinum

VOD

Have the link to the VOD?

Description

Time

  • Played on: Sept. 6, 2015, 1:45 p.m.
  • Length: 11:01
Show
View Real Time Build Order
Export as new Build Order

iRoNaRRoW Protoss 

Build Orders:  

Get SALT Encoding   

  12  0:01  Probe (Chrono Boost)  
  13  0:11  Probe (Chrono Boost)  
  14  0:19  Pylon  
  14  0:21  Probe (Chrono Boost)  
  15  0:37  Probe (Chrono Boost)  
  15  0:41  Gateway  
  16  0:47  Probe (Chrono Boost)  
  17  0:55  Assimilator  
  17  0:58  Assimilator  
  17  0:59  Probe (Chrono Boost)  
  18  1:04  Pylon  
  18  1:09  Probe (Chrono Boost)  
  19  1:19  Probe (Chrono Boost)  
  20  1:29  Probe (Chrono Boost)  
  20  1:31  Cybernetics Core  
  21  1:40  Probe (Chrono Boost)  
  22  1:52  Probe (Chrono Boost)  
  23  2:10  Nexus  
  23  2:13  Pylon  
  23  2:14  Warp Gate (Chrono Boost)  
  23  2:23  Adept  
  25  2:31  Mothership Core (Chrono Boost)  
  26  2:45  Gateway  
  26  3:04  Adept  
  28  3:14  Probe (Chrono Boost), Gateway  
  28  3:16  Pylon  
  29  3:25  Probe  
  30  3:32  Adept  
  32  3:37  Probe x2  
  34  3:50  Probe x2, Pylon  
  36  3:57  Robotics Facility  
  36  4:03  Probe x2 (Chrono Boost)  
  38  4:13  Probe (Chrono Boost)  
  38  4:15  Sentry x3  
  45  4:18  Probe (Chrono Boost)  
  45  4:24  Probe (Chrono Boost), Forge  
  47  4:29  Probe (Chrono Boost)  
  48  4:34  Probe (Chrono Boost), Assimilator  
  49  4:39  Probe (Chrono Boost), Assimilator  
  49  4:43  Pylon  
  49  4:45  Observer  
  51  4:47  Probe (Chrono Boost)  
  51  4:49  Probe (Chrono Boost)  
  53  4:54  Adept  
  53  4:55  Adept, Protoss Ground Armor Level 1 (Chrono Boost)  
  53  4:59  Probe (Chrono Boost)  
  58  5:12  Twilight Council  
  58  5:15  Probe  
  58  5:17  Probe  
  60  5:21  Photon Cannon  
  60  5:24  Photon Cannon  
  60  5:25  Probe  
  61  5:29  Probe  
  61  5:30  Observer  
  63  5:35  Probe  
  63  5:41  Probe  
  65  5:45  Probe  
  65  5:49  Adept  
  68  5:50  Adept x2  
  68  5:54  Immortal  
  76  6:11  Gateway  
  76  6:14  Gateway  
  76  6:17  Pylon  
  76  6:22  Templar Archives  
  76  6:23  Adept  
  78  6:26  Protoss Ground Armor Level 2  
  78  6:36  Shield Upgrade (Chrono Boost), Pylon  
  78  6:37  Pylon  
  78  6:39  Pylon  
  78  6:43  Adept x2  
  78  6:44  Adept  
  83  6:54  Immortal  
  83  6:55  Pylon  
  87  7:10  Photon Cannon  
  87  7:12  Pylon  
  87  7:15  Psionic Storm  
  87  7:18  High Templar x2  
  87  7:19  High Templar  
  93  7:34  Observer  
  94  7:44  Nexus  
  94  7:45  Pylon  
  94  7:48  Adept, Pylon  
  94  7:49  Adept  
  98  7:54  Pylon  
  98  8:09  Nexus  
  98  8:11  Pylon  
  98  8:13  Pylon  
  98  8:20  Adept  
  98  8:21  Adept x4  
  108  8:34  Photon Cannon  
  108  8:37  Photon Cannon  
  108  8:39  Probe x2  
  108  8:40  Photon Cannon  
  110  8:47  High Templar x3  
  116  8:49  Archon  
  116  8:51  Probe  
  116  8:52  Probe  
  116  8:56  Charge (Chrono Boost)  
  106  9:05  Adept  
  106  9:06  Adept  
  109  9:29  Warp Prism  
  111  9:46  Adept  
  111  9:47  Adept  
  105  9:59  Archon  
  67  10:19  Zealot  
  67  10:20  Zealot x3  
  51  10:38  Zealot  
Show
View Real Time Build Order
Export as new Build Order

Enex Terran - Winner!

Build Orders: Command Center First (CC), MMM Bio 

Get SALT Encoding   

  12  0:01  SCV  
  13  0:13  SCV  
  14  0:17  Supply Depot  
  14  0:25  SCV  
  15  0:39  SCV  
  16  0:51  SCV  
  17  1:01  Command Center  
  17  1:03  SCV  
  18  1:13  Barracks  
  18  1:16  SCV  
  19  1:26  Barracks  
  19  1:29  SCV  
  20  1:41  SCV  
  21  1:47  Barracks  
  22  2:01  Marine  
  22  2:04  Orbital Command  
  22  2:14  Marine  
  22  2:15  Orbital Command  
  23  2:20  Marine  
  24  2:24  Refinery  
  24  2:25  Refinery  
  24  2:31  Marine  
  25  2:37  SCV, Marine  
  25  2:44  SCV  
  28  2:51  SCV  
  29  2:56  SCV  
  30  3:01  Barracks Tech Lab, Marine x2  
  30  3:03  SCV  
  33  3:07  Supply Depot  
  33  3:14  SCV  
  33  3:17  SCV  
  33  3:19  Marine x2  
  37  3:20  Bunker  
  37  3:27  SCV  
  37  3:28  Stimpack, Engineering Bay  
  37  3:29  Marauder  
  37  3:30  SCV  
  41  3:34  Supply Depot  
  41  3:39  SCV  
  41  3:41  Marine x2  
  44  3:42  SCV  
  45  3:51  SCV  
  46  3:56  SCV, Supply Depot  
  46  3:57  Factory  
  47  4:07  Marauder, Marine x2  
  51  4:10  SCV x2  
  51  4:12  Terran Infantry Weapons Level 1, Refinery  
  53  4:18  Supply Depot  
  53  4:22  SCV  
  54  4:25  Marine  
  54  4:27  SCV, Marine  
  54  4:28  Marine  
  58  4:34  SCV  
  58  4:35  Supply Depot  
  59  4:40  SCV  
  59  4:42  Starport, Factory Reactor  
  60  4:45  Barracks Tech Lab  
  60  4:46  Marauder  
  60  4:47  Barracks Reactor  
  60  4:48  SCV  
  63  4:55  SCV  
  64  5:01  SCV  
  64  5:05  Concussive Shells, Marauder  
  67  5:09  Command Center  
  67  5:10  SCV  
  68  5:15  Supply Depot, Marauder  
  70  5:21  Refinery  
  70  5:24  Marine x2  
  70  5:26  SCV x2  
  70  5:28  Medivac x2  
  78  5:29  Factory Reactor  
  78  5:32  Supply Depot  
  78  5:36  Combat Shields  
  78  5:38  Supply Depot  
  78  5:41  Marauder  
  80  5:43  Marine  
  80  5:44  Marauder  
  80  5:46  SCV  
  84  5:50  SCV  
  84  5:56  Supply Depot x2  
  85  5:58  SCV  
  85  6:03  Marine x2  
  85  6:04  Marauder  
  90  6:06  Terran Infantry Armor Level 1  
  90  6:09  Engineering Bay  
  90  6:10  SCV x2  
  92  6:17  Armory  
  92  6:19  Marauder  
  92  6:24  Orbital Command  
  92  6:25  Marauder  
  96  6:28  SCV  
  96  6:29  SCV  
  96  6:31  Marine x2  
  98  6:38  Widow Mine  
  98  6:39  Medivac, Widow Mine  
  104  6:40  Marauder  
  106  6:52  Marine  
  106  6:53  Marauder, Marine  
  110  6:54  SCV x2  
  110  6:56  Refinery  
  110  6:59  Supply Depot  
  110  7:01  Supply Depot, Marine  
  112  7:02  SCV  
  112  7:03  Terran Infantry Weapons Level 2  
  112  7:06  SCV, Barracks  
  115  7:09  Barracks  
  115  7:13  Marine  
  115  7:14  Marauder, Widow Mine  
  120  7:18  Medivac  
  120  7:19  Medivac, Marauder  
  120  7:21  SCV  
  128  7:22  SCV  
  128  7:23  SCV  
  128  7:24  Marine  
  130  7:31  Supply Depot, Marine  
  130  7:33  SCV  
  130  7:35  SCV  
  133  7:40  Marauder  
  133  7:41  Marauder  
  133  7:42  Marine  
  133  7:44  Widow Mine x2  
  138  7:48  Medivac  
  138  7:49  Marine  
  145  8:00  Marine  
  145  8:02  Marauder  
  145  8:04  Barracks Reactor  
  145  8:05  SCV x2  
  150  8:09  Barracks Tech Lab  
  150  8:11  Marine x2  
  150  8:12  Medivac  
  154  8:15  Supply Depot  
  154  8:18  Terran Infantry Armor Level 2  
  153  8:23  Marauder, Marine  
  156  8:29  Marine  
  157  8:34  Widow Mine x2  
  157  8:35  Supply Depot, Marauder x2, Medivac  
  157  8:36  Command Center  
  157  8:37  Supply Depot  
  167  8:48  Marine x2  
  167  8:50  Marine x2  
  167  8:51  Marauder  
  173  8:56  Marine x2  
  173  9:06  Marine x2  
  173  9:08  Marine x2  
  172  9:12  Marauder  
  172  9:13  Marine  
  172  9:14  Marauder  
  172  9:16  SCV x2  
  171  9:24  Marine x2  
  170  9:25  Barracks  
  170  9:26  Barracks, Marine  
  170  9:30  Supply Depot x2  
  170  9:31  Barracks  
  173  9:32  Supply Depot, Marine, Marauder  
  173  9:33  Supply Depot  
  173  9:34  Marauder  
  173  9:35  Marauder  
  180  9:42  Widow Mine, Marine x2  
  180  9:43  Medivac x2  
  180  9:44  Marine  
  189  9:50  Marine  
  190  9:53  Marauder  
  190  9:55  Marauder  
  190  9:57  Marauder  
  190  9:59  Marine  
  169  10:00  Marine  
  169  10:01  Marine  
  169  10:03  Widow Mine  
  162  10:08  Marine  
  162  10:12  Supply Depot  
  146  10:15  Marauder  
  146  10:17  Marine x2, Marauder  
  146  10:18  Marauder  
  146  10:19  Marine  
  147  10:25  Marine  
  147  10:26  Widow Mine  
  139  10:35  Marine x2  
  142  10:36  Marauder  
  142  10:37  Marine  
  142  10:38  Marauder  
  142  10:39  Barracks Tech Lab x2  
  142  10:40  Barracks Tech Lab, Marauder  
  150  10:43  Marine  
Tags
 
Add a new tag
Caveats
  • Supply blocks, unpowered buildings, or Contaminate may cause inaccurate times.
  • Supply counts are checked every 10 seconds.